 Dungeon Sprint DCSS version 0.22.0-16-gc6d26f6 (webtiles) character file.

135 doot the Cudgeler (level 4, -2/45 HPs)
             Began as a Draconian Berserker on Aug 17, 2018.
             Was a Believer of Trog.
             Killed from afar by an oklob sapling wizard (10 damage)
             ... with a splash of acid
             ... in the Dungeon (Sprint IV: "Fedhas' Mad Dash").
             The game lasted 00:01:59 (298 turns).

doot the Cudgeler (Draconian Berserker)              Turns: 298, Time: 00:01:59

Health: -2/45      AC:  5    Str: 20    XL:     4   Next: 96%
Magic:  3/4        EV: 14    Int:  7    God:    Trog [**....]
Gold:   92         SH:  0    Dex: 11    Spells: 3/3 levels left

rFire    . . .     SeeInvis .   a - +0 mace
rCold    . . .     Gourm    .   (no shield)
rNeg     . . .     Faith    .   (armour unavailable)
rPois    .         Spirit   .   (helmet restricted)
rElec    .         Reflect  .   (no cloak)
rCorr    .         Harm     .   (no gloves)
MR       .....     NoTele   +   (no boots)
Stlth    +.........             k - amulet of invisibility {+Inv}
HPRegen  0.15/turn              (no ring)
MPRegen  0.09/turn              (no ring)

@: very slightly contaminated, invisible
A: unfitting armour, cold-blooded, AC +5
a: Berserk, Trog's Hand, Renounce Religion


You were in the Dungeon.
You worshipped Trog.
Trog was pleased with you.
You were near starving.

You visited 1 branch You collected 92 gold pieces.

Inventory:

Hand Weapons
 a - a +0 mace (weapon)
Jewellery
 k - the amulet of invisibility (around neck) {+Inv}
   (You found it in the Dungeon)

   [amulet of nothing]

   It lets you turn invisible.
Scrolls
 h - a scroll of blinking
 j - a scroll of identify {unknown}
Potions
 c - a potion of curing
 d - a potion of heal wounds
 e - a potion of haste
 f - 2 potions of magic
 g - a potion of berserk rage
Comestibles
 b - a ration


   Skills:
 + Level 6.7 Fighting
 + Level 7.0 Maces & Flails
 + Level 5.4 Dodging
 + Level 0.7 Evocations


You had 3 spell levels left.
You didn't know any spells.
Your spell library was empty.

Dungeon Overview and Level Annotations

Branches:
Dungeon (1/1)

Altars:
Cheibriados
Dithmenos
Elyvilon
Gozag
Hepliaklqana
Kikubaaqudgha
Makhleb
Nemelex Xobeh
Okawaru
Qazlal
Ru
Sif Muna
Trog
Uskayaw
Vehumet
Wu Jian
Xom
Yredelemnul
Zin
The Shining One
Beogh
Jiyva
Lugonu

Annotations:
D exclusion: oklob sapling


Innate Abilities, Weirdness & Mutations

Your plain brown scales are hard. (AC +5)
You cannot fit into any form of body armour.
You are cold-blooded and may be slowed by cold attacks.


Message History

The oklob sapling wizard spits acid at you.
The splash of acid hits you!
You are splashed with acid!
The acid burns!
* * * LOW HITPOINT WARNING * * *
You strike the helpless oklob sapling wizard from behind!
You hit the oklob sapling wizard but do no damage.
The oklob sapling wizard is heavily damaged.
The oklob sapling wizard stares at you and mumbles some strange words.
The magic dart hits you!
* * * LOW HITPOINT WARNING * * *
You hit the oklob sapling wizard.
You tail-slap the oklob sapling wizard, but do no damage.
The oklob sapling wizard is almost destroyed.
The oklob sapling wizard stares at you and mumbles some strange words.
The magic dart hits you!
* * * LOW HITPOINT WARNING * * *
You hit the oklob sapling wizard but do no damage.
The oklob sapling wizard is almost destroyed.
The oklob sapling wizard spits acid at you.
The splash of acid hits you!
You die...

###################
.#.⌠._._._._.⌠.#.$+
.'.._._._._._..'@P#
.#..._._._._...#..#
##.._._._._._..#.$#
.#._._._._._.⌠.####
.############### ##


You could see an oklob sapling wizard.

Vanquished Creatures
  3 oklob saplings (D)
  A worker ant (D)
  A river rat (D)
  A rat (D)
6 creatures vanquished.

Notes
Turn   | Place    | Note
-------+----------+-------------------------------------------
     0 | D        | doot the Draconian Berserker began the quest for the Orb.
     0 | D        | Reached XP level 1. HP: 19/19 MP: 1/1
     9 | D        | Reached skill level 4 in Maces & Flails
     9 | D        | Reached XP level 2. HP: 27/27 MP: 2/2
    59 | D        | Noticed an oklob sapling
    60 | D        | Killed an oklob sapling
    60 | D        | Reached ** piety under Trog
    60 | D        | Reached skill level 5 in Fighting
    60 | D        | Reached skill level 5 in Maces & Flails
    60 | D        | Reached XP level 3. HP: 36/36 MP: 3/3
    63 | D        | Found the amulet of invisibility {+Inv}
   110 | D        | Noticed an oklob sapling
   113 | D        | Killed an oklob sapling
   113 | D        | Reached skill level 6 in Maces & Flails
   113 | D        | Reached XP level 4. HP: 44/44 MP: 4/4
   152 | D        | Found an opulent altar of Gozag.
   152 | D        | Found a hazy altar of Hepliaklqana.
   152 | D        | Found a roughly hewn altar of Beogh.
   152 | D        | Found a snail-covered altar of Cheibriados.
   154 | D        | Found a viscous altar of Jiyva.
   154 | D        | Found a burning altar of Makhleb.
   154 | D        | Found a sparkling altar of Nemelex Xobeh.
   154 | D        | Found a sacrificial altar of Ru.
   154 | D        | Found a deep blue altar of Sif Muna.
   154 | D        | Found a bloodstained altar of Trog.
   154 | D        | Found an ornate altar of the Wu Jian Council.
   154 | D        | Found a shimmering altar of Xom.
   154 | D        | Found a basalt altar of Yredelemnul.
   155 | D        | Found an iron altar of Okawaru.
   155 | D        | Found a shadowy altar of Dithmenos.
   155 | D        | Found a glowing silver altar of Zin.
   156 | D        | Found an ancient bone altar of Kikubaaqudgha.
   156 | D        | Found a hide-covered altar of Uskayaw.
   157 | D        | Found a stormy altar of Qazlal.
   157 | D        | Found a white marble altar of Elyvilon.
   157 | D        | Found a glowing golden altar of the Shining One.
   158 | D        | Found a corrupted altar of Lugonu.
   158 | D        | Found a radiant altar of Vehumet.
   165 | D        | Reached skill level 7 in Maces & Flails
   165 | D        | Reached skill level 5 in Dodging
   298 | D        | Killed from afar by an oklob sapling wizard

Skill      XL: |  1  2  3  4 |
---------------+-------------+-----
Fighting       | 4 5 6 |  6.7
Maces & Flails | 4 5 6 7 |  7.0
Dodging        | 3 4 5 |  5.4
Evocations     | |  0.7

Action                   |  1- 3 |  4- 6 || total
-------------------------+-------+-------++-------
Melee: Mace              |    10 |    10 ||    20
       Tailslap          |     1 |     6 ||     7
Invok: Berserk           |     3 |     1 ||     4
 Abil: Evoke Invisibilit |       |     2 ||     2
 Stab: Invisible         |       |     1 ||     1
  Eat: Chunk             |       |     1 ||     1
Armor: Skin              |     1 |       ||     1
Dodge: Dodged            |     5 |       ||     5
